 Dungeon Crawl Stone Soup version 0.29-a0-823-gc37b1572da (webtiles) character file.

Game seed: 11929448601371002657

1425 zeratav the Tainter (level 8, -2/52 (54) HPs)
             Began as an Octopode Venom Mage on July 8, 2022.
             Was an Initiate of Gozag.
             Slain by a wight
             ... wielding a +0 mace
              (10 damage)
             ... on level 7 of the Dungeon.
             The game lasted 00:13:15 (7630 turns).

zeratav the Tainter (Octopode Venom Mage)           Turns: 7630, Time: 00:13:16

HP:   -2/52 (54)    AC:  1    Str:  7    XL:     8   Next: 72%
MP:   10/14         EV: 15    Int: 19    God:    Gozag
Gold: 661           SH:  0    Dex: 19    Spells: 8/15 levels left

rFire   . . .      SeeInvis .   s - staff of poison {staff}
rCold   . . .      Faith    .   (no shield)
rNeg    . . .      Spirit   .   (helmet restricted)
rPois   +          Reflect  .   f - amulet of magic regeneration {@e2}
rElec   .          Harm     .   r - +6 ring of dexterity
rCorr   .          Rampage  .   (no ring)
Will    .....                   (no ring)
Stlth   ++++......              (no ring)
HPRegen 0.17/turn               (no ring)
MPRegen 0.54/turn               (no ring)
                                (no ring)
                                (no ring)

@: gold aura, lightly drained
A: almost no armour, amphibious, 8 rings, camouflage 1, gelatinous body 1,
(nimble swimmer 1), tentacles
a: Renounce Religion, Potion Petition, Call Merchant, Bribe Branch


You were on level 7 of the Dungeon.
You worshipped Gozag.
Gozag was pleased with you.
You visited 2 branches of the dungeon, and saw 8 of its levels.

You collected 734 gold pieces.
You paid 73 gold pieces to Gozag.


Innate Abilities, Weirdness & Mutations

You cannot wear most types of armour.
You are amphibious.
You can wear up to eight rings at the same time.
Your skin changes colour to match your surroundings (Stealth+).
Your rubbery body absorbs attacks. (AC +1, EV +1)
((You are camouflaged when in or above water. (Stealth+)))
You have tentacles for arms and can constrict up to eight enemies at once.


   Skills:
 + Level 4.0 Fighting
 + Level 4.6 Dodging
 - Level 5.0 Stealth
 + Level 4.3 Spellcasting
 - Level 1.0 Transmutations
 - Level 9.0 Poison Magic


You had 8 spell levels left.
You knew the following spells:

 Your Spells              Type           Power      Damage    Failure   Level
a - Sting                 Tmut/Pois      100%       1d8       1%          1
b - Poisonous Vapours     Pois/Air       62%        N/A       3%          2
c - Olgreb's Toxic Radia  Pois           55%        N/A       3%          4

Your spell library contained the following spells:

 Spells                   Type           Power      Damage    Failure   Level
 Mephitic Cloud           Conj/Pois/Air  23%        N/A       12%         3

Inventory:

Hand Weapons
 w - a +0 vampiric dagger {short}
   (You took it off an orc wizard on level 6 of the Dungeon)
Armour
 c - a +0 buckler
   (You found it on level 1 of the Dungeon)
Magical Staves
 s - a staff of poison (weapon) {staff}
   (You found it on level 3 of the Dungeon)
Jewellery
 f - an amulet of magic regeneration (around mantle) {@e2}
   (You found it on level 1 of the Dungeon)
 r - a +6 ring of dexterity (left tentacle)
   (You found it on level 3 of the Dungeon)
Wands
 t - a wand of paralysis (6)
   (You found it on level 5 of the Dungeon)
Scrolls
 b - 6 scrolls of identify {unknown}
 e - 2 scrolls of teleportation {unknown}
 h - a scroll of amnesia {unknown}
 i - 2 scrolls of blinking {unknown}
 j - 3 scrolls of noise {unknown}
 k - 2 scrolls of immolation {unknown}
 m - a scroll of fog {unknown}
 n - 2 scrolls of enchant weapon {unknown}
 o - a scroll of summoning {unknown}
 u - a scroll of fear {unknown}
 x - a scroll of magic mapping {unknown}
 y - a scroll of poison {unknown}
Potions
 a - a potion of magic
 d - a potion of berserk rage {unknown}
 g - 9 potions of curing {unknown}
 l - a potion of attraction {unknown}
 p - 2 potions of ambrosia {unknown}
 q - 2 potions of mutation {unknown}
 v - a potion of lignification {unknown}

Dungeon Overview and Level Annotations

Branches:
Dungeon (7/15) Zot: 26819  Temple (1/1) D:4 Zot: 5978

Altars:
Ashenzari
Cheibriados
Dithmenos
Gozag
Hepliaklqana
Kikubaaqudgha
Makhleb
Nemelex Xobeh
Okawaru
Qazlal
Ru
Sif Muna
Trog
Uskayaw
Vehumet
Xom
Zin
The Shining One

Annotations:
D:4 exclusion: water moccasin
D:6 exclusion: manticore

##....#####..###
##.#### ##...#
####.## ##...
######...## ##...
........$# #....
..####..# #..#. $
#.## #...## #z# ##
#...### ##@###...
##.. #..Y......# #.#
#.........# ## ###
##....[....# ###.##
##..........#
##....##
#...........## #####
#......##
#............####....
#.......###
##........##.........
.[........##
#.......##...######.


You could see an ice beast and a wight.


Message History

(D) Dungeon (T) Temple
Where to? (Enter - D:6, ? - help)
There is an open gate here.
There is an open gate here.
There is a stone staircase leading down here.
You climb downwards.
There is a stone staircase leading up here.
You now have 661 gold pieces (gained 22).
You see here a +0 mace {mace}.
You see here a +0 mace {mace}.
Found a stone staircase leading up.
g - 9 fizzy inky potions (gained 1)
A gnoll comes into view. It is wielding a +0 spear.
Casting: Olgreb's Toxic Radiance (dangerous; 3% risk of failure)
Confirm with . or Enter, or press ? or * to list all spells.
You feel a surge of power!
You begin to radiate toxic energy.
The gnoll shouts!
The gnoll is poisoned.
The gnoll looks even sicker.
MP[-3]
You lost 3 mp, and now have 11/14 mp.
Your toxic aura wanes.
MP[+1]
You kill the gnoll!
MP[+1]
A wight comes into view. It is wielding a +0 mace.
An iguana comes into view.
MP[+1]
Your mp is fully restored (14).
Casting: Olgreb's Toxic Radiance (dangerous; 3% risk of failure)
Confirm with . or Enter, or press ? or * to list all spells.
Okay, then.
An ice beast comes into view.
The ice beast moves out of view.
Okay, then.
The iguana hisses angrily.
Casting: Olgreb's Toxic Radiance (dangerous; 3% risk of failure)
Confirm with . or Enter, or press ? or * to list all spells.
You feel a surge of power!
You miscast Olgreb's Toxic Radiance.
You are very lightly contaminated with residual magic.
You feel odd. You resist.
HP[-1] MP[-4]
You take 1 damage, and now have 53/54 hp.
You lost 4 mp, and now have 10/14 mp.
Casting: Olgreb's Toxic Radiance (dangerous; 3% risk of failure)
Confirm with . or Enter, or press ? or * to list all spells.
You feel a surge of power!
You begin to radiate toxic energy.
The iguana is poisoned.
The iguana looks even sicker.
MP[-3]
You lost 3 mp, and now have 7/14 mp.
Your toxic aura wanes.
MP[+1] HP[+1] MP[+1]
Your hp is fully restored (54).
MP[+1]
Casting: Olgreb's Toxic Radiance (dangerous; 3% risk of failure)
Confirm with . or Enter, or press ? or * to list all spells.
You feel a surge of power!
You begin to radiate toxic energy.
The iguana looks even sicker.
MP[-4]
You lost 4 mp, and now have 6/14 mp.
The iguana looks as sick as possible!
MP[+1]
The wight attacks as you move away! The wight barely misses you.
You kill the iguana!
Your toxic aura wanes.
Your Fighting skill increases to level 4!
You hit the wight but do no damage. You grab the wight.
You constrict the wight. The wight closely misses you.
Your magical contamination has completely faded away.
MP[+1]
You hit the wight but do no damage.
You squeeze the wight, but do no damage.
You constrict the wight, but do no damage.
The wight hits you with a +0 mace!
HP[-10]
You take 10 damage, and now have 44/54 hp.
You hit the wight.
You constrict the wight, but do no damage.
The wight misses you.
MP[+1]
You hit the wight.
You constrict the wight, but do no damage.
The ice beast hits you. The ice beast freezes you!
The wight hits you with a +0 mace.
* * * LOW HITPOINT WARNING * * *
You feel drained.
* * * LOW HITPOINT WARNING * * *
HP[-21] MP[+1]
You now have 52 max hp (-2).
You take 21 damage, and now have 23/52 hp.
MASSIVE DAMAGE!! (PAUSE)
You hit the wight but do no damage. You constrict the wight.
The ice beast barely misses you. The wight closely misses you.
The ice beast hits you.
* * * LOW HITPOINT WARNING * * *
The ice beast freezes you!
* * * LOW HITPOINT WARNING * * *
The wight hits you with a +0 mace!
You die...
Your body crumbles into a pile of gold.

Skill      XL: |  1  2  3  4  5  6  7  8 |
---------------+-------------------------+-----
Stealth        | 3 4 5 |  5.0
Poison Magic   | 4 5 7 8 9 |  9.0
Fighting       | 2 4 |  4.0
Dodging        | 3 4 |  4.6
Spellcasting   | 3 4 |  4.3
Transmutations | |  1.0

Action                   |  1- 3 |  4- 6 |  7- 9 || total
-------------------------+-------+-------+-------++-------
Melee: Unarmed           |     5 |       |       ||     5
       Club              |     3 |       |       ||     3
       Dagger            |    54 |    14 |       ||    68
       Tentacles         |    11 |     7 |     6 ||    24
       Constrict         |    14 |    11 |     6 ||    31
       Punch             |     1 |       |       ||     1
       Staff             |       |    19 |    21 ||    40
 Cast: Sting             |    39 |    52 |    14 ||   105
       Poisonous Vapours |       |    45 |    10 ||    55
       Olgreb's Toxic Ra |       |     9 |    28 ||    37
 Stab: Sleeping          |     5 |     2 |       ||     7
Armor: Skin              |    16 |     3 |     1 ||    20
Dodge: Dodged            |    72 |    33 |    21 ||   126

Levels and vault maps discovered:
D:1:      shiori_arrival_elements, layout_basic, nicolae_hexahallways
D:2:      layout_loops_cross, palyth_stone_intersect, minmay_pentomino_p2
D:3:      layout_basic, nicolae_qazlal_scattered_showers
D:4:      layout_loops_ring, minmay_temple_entry_trees
D:5:      layout_loops_corners, chei_slow_surprise
D:6:      minmay_flawed_box, layout_loops_ring, nicolae_ru_the_path_less_chosen,
          kennysheep_donut, uniq_prince_ribbit1
D:7:      layout_cave_pods, nzn_wu_jian_contemplation, kennysheep_ying_yang,
          minmay_fractal_squares_diagonal_5
Temple:   minmay_freezing_vapour_temple

Notes
Turn   | Place    | Note
-------+----------+-------------------------------------------
     0 | D:1      | zeratav the Octopode Venom Mage began the quest for the
                  | Orb.
     0 | D:1      | Reached XP level 1. HP: 11/11 MP: 3/3
     0 | D:1      | magus.rc [v1.9.6]
   268 | D:1      | Reached skill level 3 in Stealth
   371 | D:1      | Reached XP level 2. HP: 17/17 MP: 5/5
   374 | D:1      | Reached skill level 4 in Poison Magic
  1086 | D:1      | Reached XP level 3. HP: 21/21 MP: 4/6
  1095 | D:1      | Reached skill level 4 in Stealth
  1845 | D:1      | Learned a level 2 spell: Poisonous Vapours
  2174 | D:2      | Reached XP level 4. HP: 22/27 MP: 2/7
  2676 | D:3      | Learned a level 4 spell: Olgreb's Toxic Radiance
  2830 | D:3      | Found a stormy altar of Qazlal.
  2838 | D:3      | Reached skill level 5 in Poison Magic
  3022 | D:3      | Reached skill level 5 in Stealth
  3385 | D:3      | Reached XP level 5. HP: 16/31 MP: 3/8
  3784 | D:4      | Reached skill level 6 in Poison Magic
  4067 | D:4      | Found a staircase to the Ecumenical Temple.
  4090 | Temple   | Entered the Ecumenical Temple
  4106 | Temple   | Became a worshipper of Gozag Ym Sagoz the Greedy
  4123 | D:4      | Reached skill level 7 in Poison Magic
  4123 | D:4      | Reached XP level 6. HP: 14/36 MP: 6/9
  4494 | D:4      | Noticed a water moccasin
  4890 | D:5      | Entered Level 5 of the Dungeon
  4968 | D:5      | Reached skill level 8 in Poison Magic
  4974 | D:5      | Reached XP level 7. HP: 18/41 MP: 1/10
  5478 | D:5      | Reached skill level 9 in Poison Magic
  5595 | D:5      | Reached skill level 1 in Fighting
  5702 | D:5      | Found a snail-covered altar of Cheibriados.
  6262 | D:6      | Reached skill level 2 in Fighting
  6262 | D:6      | Reached skill level 3 in Dodging
  6262 | D:6      | Noticed a steam dragon
  6293 | D:6      | Reached skill level 3 in Spellcasting
  6294 | D:6      | Reached XP level 8. HP: 50/50 MP: 2/12
  6436 | D:6      | Reached skill level 3 in Fighting
  6480 | D:6      | Reached skill level 4 in Dodging
  6941 | D:6      | Noticed Prince Ribbit
  6953 | D:6      | Killed Prince Ribbit
  6954 | D:6      | Reached skill level 4 in Spellcasting
  7051 | D:6      | Noticed a manticore
  7223 | D:6      | Found a sacrificial altar of Ru.
  7626 | D:7      | Reached skill level 4 in Fighting
  7630 | D:7      | HP: 8/52 [ice beast (13)]
  7630 | D:7      | Slain by a wight

Vanquished Creatures
  Prince Ribbit (D:6)
  A steam dragon (D:6)
  An ogre (D:5)
  A scorpion (D:4)
  An electric eel (D:6)
  4 hounds
  5 orc priests
  3 jellies
  An iguana (D:7)
  10 orc wizards
  A mummy (D:5)
  8 gnolls
  5 adders
  A shadow imp (D:6)
  An ufetubus (D:4)
  4 worms
  4 dart slugs
  13 orcs
  4 ball pythons
  5 endoplasms
  3 giant cockroaches
  8 hobgoblins
  6 jackals (D:1)
  9 kobolds
  12 quokkas
  5 bats
  5 frilled lizards
  10 goblins
  6 rats
138 creatures vanquished.

Table legend:
 A = Non-vault XP
 B = Vault XP
 C = Vault XP percentage of total XP
 D = Non-vault monster count
 E = Vault monster count
 F = Vault count percentage of total count
                 A         B        C        D         E       F
            +---------+---------+-------+---------+---------+-------
      Total |    1403 |     634 |  31.1 |     124 |      14 |  10.1
            +---------+---------+-------+---------+---------+-------
        D:1 |      54 |       0 |   0.0 |      32 |       0 |   0.0
        D:2 |      40 |       3 |   7.0 |      15 |       2 |  11.8
        D:3 |      82 |       0 |   0.0 |      18 |       0 |   0.0
        D:4 |     273 |       0 |   0.0 |      26 |       0 |   0.0
        D:5 |     552 |      16 |   2.8 |      25 |       1 |   3.8
        D:6 |     402 |     562 |  58.3 |       8 |       9 |  52.9
        D:7 |       0 |      53 | 100.0 |       0 |       2 | 100.0
            +---------+---------+-------+---------+---------+-------

Illustrated notes

Table legend:
 A = Kills in this place as a percentage of kills in entire the game.
 B = Kills by you in this place as a percentage of kills by you in the entire game.
 C = Kills by friends in this place as a percentage of kills by friends in the entire game.
 D = Other kills in this place as a percentage of other kills in the entire game.
 E = Experience gained in this place as a percentage of experience gained in the entire game.
 F = Experience gained in this place divided by the number of levels of this place that you have seen.
                   A       B       C       D       E      F
               +-------+-------+-------+-------+-------+----------------------
         Total | 100.0 | 100.0 |   N/A |   N/A | 100.0 | 254.6
       Dungeon | 100.0 | 100.0 |   N/A |   N/A | 100.0 | 291.0
               +-------+-------+-------+-------+-------+----------------------

Table legend: (Time is in decaauts)
 A = Elapsed time spent in this place.
 B = Non-inter-level travel time spent in this place.
 C = Inter-level travel time spent in this place.
 D = Time resting spent in this place.
 E = Time spent auto-exploring this place.
 F = Levels seen in this place.
 G = Mean time per level.
                   A        B        C        D        E       F      G
               +--------+--------+--------+--------+--------+-----+--------+
         Total |   7635 |   7389 |    246 |   1928 |   4003 |   8 |  954.4 |
       Dungeon |   7614 |   7378 |    236 |   1928 |   3993 |   7 | 1087.7 |
        Temple |     21 |     11 |     10 |      0 |     10 |   1 |   21.0 |
               +--------+--------+--------+--------+--------+-----+--------+

Top non-repeatable levels by time:
     D:1: 1861 daAuts
     D:6: 1327 daAuts
     D:5: 1236 daAuts
     D:4: 1096 daAuts
     D:3: 1020 daAuts
     D:2: 892 daAuts
     D:7: 179 daAuts
  Temple: 21 daAuts
